AoeStats
← Boost'Hate John

QS Arena

503589971Analyzed
4v4 RM · 1mo ago on Sep 1, 2026· 60m 16s· 8 players
Game mode
Random Map
Map size
Large (8 player)
Population
200
Speed
Normal
Resources
Standard
Victory
Conquest
Starting age
Dark Age
Ending age
Imperial Age
RankedLock teamsTeams togetherTeam positionsShared explorationLock speedFull tech treeHidden civsTurbo modeCheats
Victory
Defeat
🇫🇷 Mongols · France
1879
+6
🇫🇷 Dravidians · France
1766
+9
🇫🇷 Teutons · France
1703
+12
🇫🇷 Malay · France
1653
+14
🇹🇼 Berbers · Taiwan
1686
-13
1616
-10
🇧🇪 Maya · Belgium
1592
-9
🇨🇳 Franks · China
1568
-8
自有大儒为我辩经
7:45 Feudal Age
6:14 Loom
8:02 Feudal Age
12:04 Castle Age
12:14 Double-Bit Axe
12:10 Horse Collar
20:14 Scale Mail Armor
20:45 Pikeman
29:38 Fletching
30:19 Svan Towers
31:07 Bodkin Arrow
31:47 Sanctity
31:38 Fervor
32:05 Ballistics
32:04 Guard Tower
32:53 Treadmill Crane
33:49 Wheelbarrow
33:27 Bow Saw
33:08 Gold Mining
34:35 Heavy Plow
35:56 Murder Holes
36:12 Masonry
39:12 Imperial Age
38:14 Hand Cart
39:25 Squires
40:05 Fortified Wall
41:34 Chemistry
41:05 Bracer
43:01 Conscription
42:57 Stone Mining
43:14 Padded Archer Armor
44:50 Leather Archer Armor
45:18 Keep
44:29 Arrowslits
46:19 Town Watch
47:11 Forging
49:01 Chain Mail Armor
49:22 Iron Casting
49:38 Keep
50:14 Plate Mail Armor
50:18 Halberdier
51:04 Arson
53:21 Parthian Tactics
52:21 Elite Skirmisher
54:36 Blast Furnace
57:40 Blast Furnace
58:09 Crop Rotation
57:16 Capped Ram
58:43 Stone Shaft Mining
58:39 Elite Genitour
59:25 Siege Ram
60:50 Siege Engineers
Sunny Day
8:11 Feudal Age
11:59 Castle Age
10:11 Double-Bit Axe
13:33 Wheelbarrow
14:05 Scale Barding Armor
16:23 Forging
20:02 Bloodlines
20:40 Husbandry
20:14 Light Cavalry
26:39 Chain Barding Armor
27:22 Hand Cart
32:07 Horse Collar
34:04 Loom
34:06 Town Watch
37:51 Imperial Age
37:51 Iron Casting
37:21 Fletching
38:09 Hussar
40:31 Bodkin Arrow
40:37 Padded Archer Armor
41:15 Plate Barding Armor
41:40 Blast Furnace
40:57 Heavy Plow
42:03 Bracer
42:20 Bow Saw
42:40 Leather Archer Armor
41:57 Elite Skirmisher
44:38 Chemistry
45:30 Ballistics
45:53 Kasbah
46:13 Conscription
45:44 Elite Genitour
48:21 Ring Archer Armor
48:52 Elite Skirmisher
52:25 Plate Barding Armor
52:51 Blast Furnace
58:24 Stone Mining
58:25 Gold Mining
60:06 Crop Rotation
59:39 Caravan
craner_x
7:31 Feudal Age
8:10 Double-Bit Axe
11:11 Castle Age
9:05 Double-Bit Axe
12:09 Bow Saw
14:27 Wheelbarrow
19:36 Hand Cart
19:26 Loom
20:11 Scale Barding Armor
25:04 Imperial Age
22:50 Scale Barding Armor
23:11 Husbandry
23:22 Forging
23:04 Gold Mining
24:28 Chain Barding Armor
26:00 Gold Shaft Mining
25:29 Town Watch
25:06 Cavalier
26:07 Conscription
26:33 Chivalry
27:17 Plate Barding Armor
28:05 Paladin
29:24 Iron Casting
31:47 Blast Furnace
33:24 Chemistry
33:49 Padded Archer Armor
36:39 Ballistics
36:46 Leather Archer Armor
38:18 Coinage
37:51 Fletching
37:49 Arrowslits
40:09 Banking
42:39 Elite Genitour
43:16 Bodkin Arrow
47:38 Masonry
53:43 Light Cavalry
bullseyes
0:26 Loom
8:02 Feudal Age
11:48 Castle Age
10:00 Double-Bit Axe
22:37 Wheelbarrow
35:21 Horse Collar
39:02 Bow Saw
39:59 Hand Cart
39:53 Heavy Plow
40:32 Stone Mining
40:33 Gold Mining
44:15 Imperial Age
41:55 Elite Skirmisher
42:36 Fletching
42:46 Padded Archer Armor
43:16 Thumb Ring
43:11 Bodkin Arrow
44:05 Hul'che Javelineers
44:29 Leather Archer Armor
45:14 Ballistics
45:24 Conscription
45:06 Bracer
46:45 Chemistry
46:18 Masonry
47:05 Capped Ram
51:22 Squires
50:43 Eagle Warrior
51:12 Treadmill Crane
52:03 Architecture
52:16 Pikeman
52:17 Elite Eagle Warrior
53:19 Scale Mail Armor
53:29 Forging
53:50 Ring Archer Armor
52:45 Elite Plumed Archer
Boost'Hate John
7:20 Feudal Age
11:36 Castle Age
9:50 Double-Bit Axe
11:08 Loom
15:29 Fletching
19:27 Bodkin Arrow
29:38 Imperial Age
29:26 Ballistics
30:21 Bracer
31:45 Chemistry
31:54 Husbandry
33:46 Fortified Wall
35:57 Bow Saw
36:03 Horse Collar
39:13 Padded Archer Armor
38:47 Heavy Cavalry Archer
39:57 Parthian Tactics
39:38 Thumb Ring
40:27 Wheelbarrow
40:19 Leather Archer Armor
45:39 Bloodlines
44:49 Light Cavalry
47:02 Hussar
47:48 Scale Barding Armor
49:11 Forging
50:12 Chain Barding Armor
51:39 Hand Cart
51:48 Conscription
53:20 Iron Casting
55:47 Blast Furnace
54:49 Caravan
59:55 Nomads
60:47 Coinage
Beauvéro
3:35 Loom
6:19 Feudal Age
8:05 Double-Bit Axe
8:16 Horse Collar
14:55 Wheelbarrow
18:53 Castle Age
16:55 Gold Mining
18:00 Fletching
18:19 Stone Mining
20:12 Bow Saw
21:54 Sanctity
21:49 Fervor
23:26 Redemption
27:53 Hand Cart
27:46 Heavy Plow
34:30 Imperial Age
32:17 Scale Mail Armor
32:29 Forging
33:49 Chain Mail Armor
32:58 Pikeman
33:39 Squires
34:35 Halberdier
35:47 Plate Mail Armor
36:32 Masonry
36:16 Capped Ram
38:24 Iron Casting
40:19 Siege Engineers
41:17 Blast Furnace
41:18 Chemistry
40:21 Onager
40:59 Bodkin Arrow
42:21 Ironclad
42:22 Conscription
41:52 Siege Onager
57:28 Guilds
kitchiro
8:49 Feudal Age
12:45 Castle Age
11:03 Double-Bit Axe
11:41 Loom
11:39 Horse Collar
29:00 Forging
31:30 Gold Mining
31:30 Stone Mining
36:26 Imperial Age
33:59 Fletching
34:23 Heavy Plow
34:57 Ballistics
33:58 Crossbowman
35:05 Bow Saw
35:18 Bodkin Arrow
36:08 Wheelbarrow
36:04 Bracer
37:49 Chemistry
36:50 Pikeman
37:30 Squires
37:25 Arbalester
39:05 Gold Shaft Mining
38:48 Hand Cart
38:57 Thumb Ring
38:53 Padded Archer Armor
39:59 Coinage
39:30 Caravan
41:04 Stone Shaft Mining
41:11 Leather Archer Armor
41:18 Conscription
43:16 Ring Archer Armor
45:17 Iron Casting
45:15 Halberdier
49:18 Blast Furnace
55:18 Husbandry
55:25 Scale Barding Armor
58:22 Banking
60:12 Siege Engineers
scorpion145
8:28 Feudal Age
12:00 Castle Age
10:12 Double-Bit Axe
10:29 Horse Collar
11:28 Gold Mining
12:52 Loom
14:01 Bow Saw
26:51 Wheelbarrow
29:43 Imperial Age
26:42 Pikeman
27:49 Heavy Plow
28:32 Squires
28:36 Scale Mail Armor
28:57 Fortified Wall
29:39 Chain Mail Armor
29:44 Halberdier
31:05 Plate Mail Armor
30:48 Forging
32:06 Stone Mining
32:33 Hand Cart
34:15 Two-Man Saw
33:54 Iron Casting
34:14 Wootz Steel
36:01 Arson
37:15 Coinage
38:02 Chemistry
38:30 Banking
39:23 Town Watch
40:10 Siege Elephant
44:46 Conscription
47:27 Blast Furnace
48:41 Caravan
48:52 Guilds
49:25 Man-at-Arms
49:51 Gambesons
50:40 Fletching
51:15 Long Swordsman
52:31 Two-Handed Swordsman
53:59 Bodkin Arrow
53:47 Champion
58:29 Masonry
58:40 Ballistics
Connection lost

Rejoining the realm…

Still unreachable

The connection could not be restored.

Session expired

The server has moved on; the page needs a fresh start.